 Dungeon Crawl Stone Soup version 0.28-a0-620-g539b0f7ac7 (webtiles) character file.

Game seed: 3353311914636471203

25 bande the Covered (level 3, -1/23 HPs)
             Began as a Gargoyle Fighter on Oct 6, 2021.
             Slain by an adder (2 damage)
             ... on level 2 of the Dungeon.
             The game lasted 00:01:23 (1165 turns).

bande the Covered (Gargoyle Fighter)                Turns: 1165, Time: 00:01:24

Health: -1/23      AC: 10    Str: 20    XL:     3   Next: 4%
Magic:  3/3        EV:  9    Int:  8    God:
Gold:   10         SH:  4    Dex:  9    Spells: 2/2 levels left

rFire   . . .      SeeInvis .   a - +0 war axe
rCold   . . .      Faith    .   c - +0 buckler
rNeg    + . .      Spirit   .   b - +0 scale mail
rPois   ∞          Reflect  .   (no helmet)
rElec   +          Harm     .   (no cloak)
rCorr   .          Rampage  .   (no gloves)
Will    .....                   (no boots)
Stlth   ..........              (no amulet)
HPRegen 0.07/turn               (no ring)
MPRegen 0.08/turn               (no ring)

@: no status effects
A: sickness immunity, AC +3, negative energy resistance 1, electricity
resistance, torment resistance 1, petrification resistance
a: no special abilities


You were on level 2 of the Dungeon.
You visited 1 branch of the dungeon, and saw 2 of its levels.

You collected 10 gold pieces.

Inventory:

Hand Weapons
 a - a +0 war axe (weapon)
Armour
 b - a +0 scale mail (worn)
 c - a +0 buckler (worn)
Scrolls
 f - 2 scrolls of teleportation
Potions
 d - a potion of might
 e - a potion of heal wounds {unknown}
 g - a potion of curing {unknown}


   Skills:
 + Level 3.6 Fighting
 + Level 2.0 Axes
 + Level 3.9 Armour
 + Level 3.5 Shields


You had 2 spell levels left.
You didn't know any spells.
Your spell library was empty.

Dungeon Overview and Level Annotations

Branches:
Dungeon (2/15)

Altars:


Innate Abilities, Weirdness & Mutations

You are immune to sickness and miasma.
Your stone body is resilient. (AC +3)
You are immune to poison.
You resist negative energy. (rN+)
You are resistant to electric shocks. (rElec)
You are resistant to unholy torment.
You are immune to petrification.


Message History

Done waiting.
Items here: ))) ††.
A worm comes into view.
An adder comes into view.
You barely miss the worm. The worm bites you but does no damage.
You completely miss the worm. The worm bites you.
You slash the worm!
The worm is moderately wounded.
The worm bites you.
You are too injured to fight recklessly!
You are too injured to fight recklessly!
You are too injured to fight recklessly!
You are too injured to fight recklessly!
You are too injured to fight recklessly!
You are too injured to fight recklessly!
You are too injured to fight recklessly!
You are too injured to fight recklessly!
You are too injured to fight recklessly!
You slash the worm!
The worm is severely wounded.
You barely miss the worm.
The worm is severely wounded.
The worm bites you!
* * * LOW HITPOINT WARNING * * *
You barely miss the worm.
The worm is severely wounded.
The worm bites you.
* * * LOW HITPOINT WARNING * * *
You slash the worm!
You kill the worm!
The adder barely misses you.
You have reached level 3!
Your experience leads to an increase in your attributes!
Increase (S)trength, (I)ntelligence, or (D)exterity?
You feel stronger.
You miss the adder. You block the adder's attack. The adder barely misses you.
You hit the adder.
The adder is moderately wounded.
The adder bites you.
You die...

# ###### # #....# ..
#.##.# . #######.##.#
.......>.#)# ##### .
####.....#.# #... ..
.....###.#.#####.#######
..#..# #.#......@S......
.....###.#######.#######
..#......# #.#
#.######## #.. # ###. .#
#


You could see an adder.

Vanquished Creatures
  An adder (D:2)
  A worm (D:2)
  A giant cockroach (D:1)
  5 goblins
  A ball python (D:1)
  A bat (D:1)
  A frilled lizard (D:1)
  4 rats (D:1)
15 creatures vanquished.

Notes
Turn   | Place    | Note
-------+----------+-------------------------------------------
     0 | D:1      | bande the Gargoyle Fighter began the quest for the Orb.
     0 | D:1      | Reached XP level 1. HP: 14/14 MP: 1/1
   445 | D:1      | Reached XP level 2. HP: 19/19 MP: 2/2
   459 | D:1      | Found a faded altar of an unknown god.
  1164 | D:2      | Reached XP level 3. HP: 1/23 MP: 3/3
  1165 | D:2      | Slain by an adder

Illustrated notes

Levels and vault maps discovered:
D:1:      psy_arrival_radial02, layout_basic, shapermc_ecumenical_altar_petra
D:2:      layout_basic, basic_altar, kennysheep_generic_room_4, uniq_natasha,
          uniq_robin, uniq_crazy_yiuf_cottage

Skill      XL: |  1  2 |
---------------+-------+-----
Axes           | 2 |  2.0
Fighting       | |  3.6
Armour         | |  3.9
Shields        | |  3.5

Action                   || total
-------------------------++-------
Melee: War axe           ||    44
  Use: Scroll            ||     1
Armor: Scale mail        ||    18
Dodge: Dodged            ||    15
Block: Buckler           ||     6

Table legend: (Time is in decaauts)
 A = Elapsed time spent in this place.
 B = Non-inter-level travel time spent in this place.
 C = Inter-level travel time spent in this place.
 D = Time resting spent in this place.
 E = Time spent auto-exploring this place.
 F = Levels seen in this place.
 G = Mean time per level.
                   A        B        C        D        E       F      G
               +--------+--------+--------+--------+--------+-----+--------+
         Total |   1182 |   1160 |     22 |    171 |    874 |   2 |  591.0 |
       Dungeon |   1182 |   1160 |     22 |    171 |    874 |   2 |  591.0 |
               +--------+--------+--------+--------+--------+-----+--------+

Top non-repeatable levels by time:
     D:1: 951 daAuts
     D:2: 231 daAuts
